 Dungeon Crawl Stone Soup version 0.27-a0-1281-ge233d83751 (webtiles) character file.

Game seed: 11260019181546521280

7784 Zonian the Destroyer (level 11, -5/64 HPs)
             Began as a Tengu Conjurer on June 14, 2021.
             Was a High Priest of Uskayaw.
             Hit by a large rock thrown by a cyclops (23 damage)
             ... on level 11 of the Dungeon.
             The game lasted 00:32:24 (18714 turns).

Zonian the Destroyer (Tengu Conjurer)              Turns: 18714, Time: 00:32:25

Health: -5/64      AC: 11    Str:  9    XL:     11   Next: 20%
Magic:  10/21      EV: 17    Int: 20    God:    Uskayaw [*****.]
Gold:   203        SH:  7    Dex: 13    Spells: 4/22 levels left

rFire    . . .     SeeInvis .   n - +2 dagger (elec)
rCold    . . .     Faith    .   T - +2 buckler {AC+3}
rNeg     . . .     Spirit   .   L - +0 steam dragon scales
rPois    .         Reflect  .   (helmet restricted)
rElec    .         Harm     .   k - +0 cloak
rCorr    .         Rampage  .   t - +1 pair of gloves
Will     +....                  (boots unavailable)
Stlth    +++.......             (no amulet)
HPRegen  0.20/turn              p - ring of willpower
MPRegen  0.17/turn              F - ring of wizardry

@: flying quickly and evasively, quick
A: beak, talons 3, nimble flight
a: Renounce Religion, Stomp, Line Pass, Grand Finale


You were on level 11 of the Dungeon.
You worshipped Uskayaw.
Uskayaw was noncommittal.
You visited 1 branch of the dungeon, and saw 11 of its levels.

You collected 490 gold pieces.
You spent 287 gold pieces at shops.

Inventory:

Hand Weapons
 d - a +0 dagger
 h - a +2 hand axe of venom
 n - a +2 dagger of electrocution (weapon)
 z - a +0 hunting sling
 C - a +0 spear of venom
 J - a +1 morningstar of distortion
 K - a +0 long sword of flaming
 N - a +0 dagger of venom
 O - a +0 hand crossbow
 R - a +5 spear of flaming
Missiles
 e - 8 boomerangs
 i - a throwing net
 A - 27 sling bullets
 I - 7 atropa-tipped darts
 P - 48 bolts
Armour
 a - a +0 robe
 f - a +0 buckler
 k - a +0 cloak (worn)
 t - a +1 pair of gloves (worn)
 B - a +2 leather armour of fire resistance
 L - +0 steam dragon scales (worn)
 T - a +2 buckler of protection (worn)
 X - a +0 troll leather armour
Magical Staves
 l - a staff of air
Jewellery
 c - an amulet of faith
 p - a ring of willpower (left hand)
 F - a ring of wizardry (right hand)
 G - the ring of Ikuahu {rC+ rN+}
   (You found it on level 7 of the Dungeon)

   [ring of positive energy]

   It protects you from cold.
   It protects you from negative energy.
 W - a ring of protection from cold
Wands
 m - a wand of flame (18)
 o - a wand of digging (6)
 s - a wand of acid (5)
 D - a wand of iceblast (11)
 Q - a wand of mindburst (16)
Scrolls
 j - 5 scrolls of teleportation
 x - 2 scrolls of holy word
 y - 2 scrolls of silence
 E - 2 scrolls of blinking
Potions
 b - 3 potions of berserk rage
 g - a potion of flight {unknown}
 q - 5 potions of attraction
 r - 3 potions of magic
 u - a potion of brilliance
 v - a potion of lignification {unknown}
 w - 6 potions of curing
 H - a potion of ambrosia {unknown}
 M - 2 potions of haste
 S - a potion of heal wounds


   Skills:
 + Level 5.8 Fighting
 + Level 6.2 Short Blades
 + Level 1.6 Armour
 + Level 7.0 Dodging
 + Level 7.0 Stealth
 - Level 4.0 Shields
 + Level 6.4 Spellcasting
 + Level 10.7 Conjurations
 + Level 4.3 Air Magic
 + Level 3.5 Poison Magic


You had 4 spell levels left.
You knew the following spells:

 Your Spells              Type           Power      Damage    Failure   Level
a - Magic Dart            Conj           100%       1d8       1%          1
b - Searing Ray           Conj           98%        3d7       1%          2
c - Mephitic Cloud        Conj/Pois/Air  31%        N/A       1%          3
d - Swiftness             Air            23%        N/A       1%          3
e - Lightning Bolt        Conj/Air       18%        1d32      4%          5
f - Airstrike             Air            11%        N/A       7%          4

Your spell library contained the following spells:

 Spells                   Type           Power      Damage    Failure   Level
 Shock                    Conj/Air       100%       1d9       1%          1
 Static Discharge         Conj/Air       36%        N/A       1%          2
 Conjure Flame            Conj/Fire      27%        6-21      1%          3
 Dazzling Flash           Conj/Hex       54%        N/A       1%          3
 Summon Small Mammal      Summ           24%        N/A       4%          1
 Fulminant Prism          Conj/Hex       13%        3d9       4%          4
 Iskenderun's Mystic Bla  Conj/Tloc      27%        2d7       4%          4
 Blink                    Tloc           N/A        N/A       6%          2
 Call Imp                 Summ           6%         N/A       6%          2
 Slow                     Hex            6%         N/A       6%          2
 Call Canine Familiar     Summ           6%         N/A       12%         3
 Confusing Touch          Hex            6%         N/A       12%         3
 Gell's Gravitas          Tloc           3%         N/A       12%         3
 Summon Guardian Golem    Hex/Summ       6%         N/A       12%         3
 Summon Lightning Spire   Summ/Air       15%        N/A       16%         4
 Petrify                  Tmut/Erth      6%         N/A       36%         4
 Summon Ice Beast         Ice/Summ       6%         N/A       36%         4
 Metabolic Englaciation   Hex/Ice        3%         N/A       69%         5
 Yara's Violent Unravell  Hex/Tmut       3%         3d4       69%         5


Dungeon Overview and Level Annotations

Branches:
Dungeon (11/15)            Temple (0/1) D:4             Orc (0/2) D:9
   Lair: D:8-11

Altars:
Ashenzari
Fedhas
Nemelex Xobeh
Qazlal
Sif Muna
Uskayaw
Vehumet
Wu Jian
Zin
The Shining One

Shops:
D:2 *   D:9 [

Annotations:
D:2 1 runed translucent door, Crazy Yiuf
D:4 Edmund


Innate Abilities, Weirdness & Mutations

You have a beak for a mouth.
You have claws for feet.
Your magical nature lets you fly swiftly and evasively.


Message History

* * * LOW HITPOINT WARNING * * *
Reactivating autopickup.
Uskayaw will force your foes to share their pain.
Uskayaw links your audience in an emotional bond!
The searing ray hits the shadow!
You destroy the shadow!
The searing ray hits the yak!
The yak is severely wounded.
The searing ray hits the black bear.
The black bear is moderately wounded.
You finish channeling your searing ray.
The crimson imp blinks!
Casting: Searing Ray (safe; 1% risk of failure)
Confirm with . or Enter, or press ? or * to list all spells.
Aiming: Searing Ray (safe; 1% risk of failure)
Press: ? - help, Shift-Dir - straight line, f - yak
Aim: a yak (severely wounded, sharing its pain, 90% to hit)
The searing ray hits the yak.
The yak is almost dead.
The searing ray hits the black bear!
The black bear is almost dead.
The searing ray hits the kobold demonologist.
You kill the yak!
The kobold demonologist is severely wounded. (Press . to maintain the ray.)
The kobold demonologist is no longer sharing its pain.
The tengu warrior is no longer sharing its pain.
You can now merge with and destroy a victim.
Your Dodging skill increases to level 7!
Your Stealth skill increases to level 7!
The searing ray hits the black bear!
You kill the black bear!
The black bear's shape twists and changes as it dies.
The searing ray hits the kobold demonologist!
You kill the kobold demonologist!
The cyclops is no longer sharing its pain.
The tengu warrior unwields a +0 great mace.
The tengu warrior wields a +0 arbalest.
The tengu warrior shoots a bolt.
The bolt completely misses you.
The cyclops throws a large rock.
The large rock hits you!!
You die...

.[.........#
...........#
...........#
.........>Q#
.........C.#
........##)#
##########†#
#.# #@# #.#
#.# ###


You could see a tengu warrior and a cyclops (corroded).

Vanquished Creatures
  Joseph (D:7)
  Maggie (D:7)
  A kobold demonologist (D:11)
  2 trolls
  2 hornets
  Prince Ribbit (D:6)
  A shadow (D:11)
  2 yaks (D:11)
  A wraith (D:9)
  A golden eye (shapeshifter) (D:11)
  A steam dragon (D:7)
  An acid dragon (D:10)
  4 orc warriors
  A hornet zombie (D:8)
  2 ice beasts (D:6)
  A black bear (D:3)
  A black bear (shapeshifter) (D:11)
  7 necrophages
  2 centaurs
  4 ogres
  A kobold brigand (D:8)
  3 bullfrogs
  A gnoll sergeant (D:8)
  4 scorpions
  A wyvern skeleton (D:7)
  13 killer bees
  7 wights (D:9)
  5 howler monkeys
  5 centaur zombies
  A bullfrog zombie (D:7)
  2 hounds
  7 orc priests
  A bullfrog skeleton (D:6)
  A gnoll shaman (D:3)
  A centaur skeleton (D:5)
  Jessica (D:2)
  4 iguanas
  10 orc wizards
  A howler monkey zombie (D:5)
  Robin (D:2)
  11 adders
  17 gnolls
  A white imp (D:7)
  4 worms
  38 orcs
  4 bats
  3 endoplasms
  5 giant cockroaches
  8 hobgoblins
  8 jackals
  12 kobolds
  A quokka (D:2)
  10 ball pythons
  4 frilled lizards
  18 goblins
  4 rats
255 creatures vanquished.

Vanquished Creatures (others)
  A white imp (D:7)
  An orc (D:8)
  A fungus (D:6)
  A withered plant (D:9)
4 creatures vanquished.

Grand Total: 259 creatures vanquished

Notes
Turn   | Place    | Note
-------+----------+-------------------------------------------
     0 | D:1      | Zonian the Tengu Conjurer began the quest for the Orb.
     0 | D:1      | Reached XP level 1. HP: 10/10 MP: 4/4
   199 | D:1      | Reached XP level 2. HP: 15/15 MP: 4/6
   542 | D:1      | Reached skill level 6 in Conjurations
   630 | D:1      | Reached XP level 3. HP: 19/19 MP: 4/7
   975 | D:2      | Found a faded altar of an unknown god.
   982 | D:2      | Became a worshipper of Uskayaw the Reveller
   982 | D:2      | Reached * piety under Uskayaw
  1001 | D:2      | Reached ** piety under Uskayaw
  1314 | D:2      | Found Yhokad's General Store.
  1473 | D:2      | Found a runed translucent door.
  1474 | D:2      | Noticed Crazy Yiuf
  1827 | D:2      | Reached XP level 4. HP: 24/24 MP: 4/8
  1828 | D:2      | Reached *** piety under Uskayaw
  2353 | D:2      | Noticed Jessica
  2354 | D:2      | Killed Jessica
  2355 | D:2      | Reached skill level 7 in Conjurations
  2355 | D:2      | Gained mutation: Your magical nature lets you fly swiftly
                  | and evasively. [Tengu growth]
  2355 | D:2      | Reached XP level 5. HP: 28/28 MP: 8/10
  2385 | D:2      | Noticed Robin
  2466 | D:2      | Killed Robin
  2492 | D:2      | Learned a level 2 spell: Searing Ray
  3669 | D:3      | Reached XP level 6. HP: 32/33 MP: 4/12
  3805 | D:3      | Found a blossoming altar of Fedhas.
  3807 | D:3      | Found an ornate altar of the Wu Jian Council.
  4142 | D:3      | Reached skill level 1 in Fighting
  4260 | D:3      | Found a sparkling altar of Nemelex Xobeh.
  5076 | D:3      | Noticed a black bear
  5084 | D:3      | Killed a black bear
  5085 | D:3      | Reached skill level 1 in Short Blades
  5085 | D:3      | Reached skill level 1 in Shields
  5486 | D:4      | Reached XP level 7. HP: 31/38 MP: 9/13
  6160 | D:4      | Reached skill level 8 in Conjurations
  6433 | D:4      | Found a staircase to the Ecumenical Temple.
  6895 | D:5      | Entered Level 5 of the Dungeon
  6895 | D:5      | Noticed Edmund
  7250 | D:5      | Reached XP level 8. HP: 45/45 MP: 8/15
  9625 | D:6      | Noticed Prince Ribbit
  9633 | D:6      | Killed Prince Ribbit
  9634 | D:6      | Reached XP level 9. HP: 51/51 MP: 8/17
  9635 | D:6      | Reached skill level 9 in Conjurations
  9929 | D:6      | Found a shimmering blue altar of Sif Muna.
 10366 | D:6      | Reached skill level 5 in Dodging
 10366 | D:6      | Reached skill level 5 in Spellcasting
 10511 | D:6      | Found a broken altar of Ashenzari.
 10515 | D:6      | Saw a vision of the Swamp and the Snake Pit.
 10515 | D:6      | Noticed an alligator
 10515 | D:6      | Noticed an alligator
 10515 | D:6      | Noticed an alligator
 10515 | D:6      | Noticed a will-o-the-wisp
 10515 | D:6      | Noticed a black mamba
 10515 | D:6      | Noticed a naga mage
 10515 | D:6      | Noticed a black mamba
 10521 | D:6      | Noticed a black mamba
 10691 | D:6      | Reached skill level 5 in Stealth
 11132 | D:7      | Noticed Joseph
 11330 | D:7      | Killed Joseph
 11668 | D:7      | Found a glowing golden altar of the Shining One.
 11713 | D:7      | Found a radiant altar of Vehumet.
 11776 | D:7      | Identified the ring of Ikuahu {rC+ rN+}
 11825 | D:7      | Noticed Maggie
 11836 | D:7      | Reached **** piety under Uskayaw
 11839 | D:7      | Killed Maggie
 12128 | D:7      | Learned a level 3 spell: Mephitic Cloud
 12471 | D:7      | Reached XP level 10. HP: 45/58 MP: 7/19
 12605 | D:7      | Identified a scroll of acquirement
 12605 | D:7      | Acquired a book of Air
 12611 | D:7      | Learned a level 3 spell: Swiftness
 12617 | D:7      | Learned a level 5 spell: Lightning Bolt
 12626 | D:7      | Reached skill level 1 in Air Magic
 13039 | D:8      | Reached skill level 1 in Poison Magic
 13046 | D:7      | Reached skill level 5 in Short Blades
 13326 | D:8      | Found a glowing silver altar of Zin.
 13441 | D:8      | Reached skill level 10 in Conjurations
 14405 | D:8      | Reached skill level 5 in Fighting
 14437 | D:8      | Found a stormy altar of Qazlal.
 15742 | D:9      | Found a staircase to the Orcish Mines.
 16852 | D:9      | Found Zuleli's Armour Shoppe.
 16864 | D:9      | Bought a +2 buckler of protection for 215 gold pieces
 16995 | D:10     | Entered Level 10 of the Dungeon
 17095 | D:10     | Found a hide-covered altar of Uskayaw.
 17096 | D:10     | Noticed a +0 hand axe
 17096 | D:10     | Noticed a +0 dagger
 17164 | D:10     | Learned a level 4 spell: Airstrike
 17535 | D:10     | Reached XP level 11. HP: 62/64 MP: 15/21
 17709 | D:10     | Reached skill level 1 in Armour
 18337 | D:2      | Bought 2 potions of curing for 72 gold pieces
 18606 | D:11     | Noticed a two-headed ogre
 18615 | D:11     | Noticed a tengu warrior
 18694 | D:11     | Noticed a cyclops
 18711 | D:11     | Noticed a tengu warrior
 18713 | D:11     | Reached ***** piety under Uskayaw
 18714 | D:11     | Hit by a large rock thrown by a cyclops

Illustrated notes

Levels and vault maps discovered:
D:1:      lemuel_arrival_funnel, layout_basic, serial_park_tiny_2,
          minmay_misc_feat_doors, chequers_serial_rivers_micro_d
D:2:      layout_loops_ring, serial_shops, nicolae_shop_window_shopping,
          basic_ecumenical_altar, uniq_robin, uniq_jessica,
          uniq_crazy_yiuf_cottage
D:3:      minmay_chambers_of_twos, layout_rooms, nicolae_overflow_hidden_temple,
          lemuel_crystal_altar, amcnicky_mini_rare_corridor_liquid,
          chequers_serial_rivers_micro_c
D:4:      layout_basic, minmay_temple_entry_grid
D:5:      layout_basic, uniq_edmund
D:6:      layout_basic, lemuel_tele_altar, grunt_ashenzari_visionary
          [grunt_ashenzari_visionary_swamp, grunt_ashenzari_visionary_snake],
          uniq_prince_ribbit1
D:7:      layout_loops_ring, tso_metal_star, fiery_altar_vehumet,
          nicolae_ossuary_entry_ruins, uniq_maggie, uniq_joseph
D:8:      layout_loops_ring, nicolae_overflow_crystal_walls, grunt_qazlal_clouds
D:9:      layout_cross, orc_0_dummy, serial_undead, serial_undead_e,
          serial_undead_c, serial_undead_d, serial_undead_e, serial_shops,
          nicolae_shop_trees, nrook_loot_triangle, minmay_misc_feat_x
D:10:     layout_irregular_city, dancing_weapons_uskayaw
D:11:     minmay_the_grid_square_5x5_5x5 [minmay_the_grid_square_5x5_empty,
          minmay_the_grid_square_5x5_bridge, minmay_the_grid_square_5x5_shrine2,
          minmay_the_grid_square_5x5_bite,
          minmay_the_grid_square_5x5_intrusive_squares,
          minmay_the_grid_square_5x5_misaligned,
          minmay_the_grid_square_5x5_prize_junk,
          minmay_the_grid_square_5x5_spiral_small,
          minmay_the_grid_square_5x5_prize_snowflake,
          minmay_the_grid_square_5x5_empty, minmay_the_grid_square_5x5_corner,
          minmay_the_grid_square_5x5_eight,
          minmay_the_grid_square_5x5_prize_pseudospiral,
          minmay_the_grid_square_5x5_forky,
          minmay_the_grid_square_5x5_checkered_statues,
          minmay_the_grid_square_5x5_inverted_slash,
          minmay_the_grid_square_5x5_prize_waves,
          minmay_the_grid_square_5x5_lines,
          minmay_the_grid_square_5x5_prize_deathbox,
          minmay_the_grid_square_5x5_meh, minmay_the_grid_square_5x5_dogpile,
          minmay_the_grid_square_5x5_minibox,
          minmay_the_grid_square_5x5_n_small,
          minmay_the_grid_square_5x5_tetrominoes,
          minmay_the_grid_square_5x5_percent], layout_irregular_city,
          erik_lair_orcish_takeover, serial_column_ruins,
          column_ruins_open_medium, column_ruins_columns_straight,
          column_ruins_grid_2, column_ruins_grid_3, column_ruins_open_small

Skill      XL: |  1  2  3  4  5  6  7  8  9 10 11 |
---------------+----------------------------------+-----
Conjurations   | 6 7 8 9 10 | 10.7
Spellcasting   | 3 4 5 6 |  6.4
Fighting       | 1 2 3 4 5 |  5.8
Dodging        | 3 4 5 6 7 |  7.0
Short Blades   | 1 2 3 4 5 6 |  6.2
Stealth        | 3 4 5 6 7 |  7.0
Shields        | 1 2 3 4 |  4.0
Air Magic      | 3 4 |  4.3
Poison Magic   | 3 |  3.5
Armour         | 1 |  1.6

Action                   |  1- 3 |  4- 6 |  7- 9 | 10-12 || total
-------------------------+-------+-------+-------+-------++-------
Melee: Unarmed           |     1 |       |       |       ||     1
       Dagger            |     5 |     8 |    46 |    96 ||   155
       Kick              |     3 |     4 |    13 |    17 ||    37
       Peck              |       |     2 |    10 |    13 ||    25
       Hand axe          |       |     9 |     6 |       ||    15
 Cast: Magic Dart        |    74 |   118 |   226 |   194 ||   612
       Searing Ray       |       |     4 |    34 |    28 ||    66
Evoke: Wand              |       |       |       |     2 ||     2
  Use: Scroll            |       |     4 |     3 |    12 ||    19
       Potion            |       |     1 |       |       ||     1
 Stab: Sleeping          |     1 |     1 |     3 |     4 ||     9
       Paralysed         |       |       |     2 |     5 ||     7
Armor: Robe              |     3 |     6 |    21 |       ||    30
       Steam dragon scal |       |       |     2 |    37 ||    39
Dodge: Dodged            |     5 |    34 |    73 |   133 ||   245
Block: Buckler           |       |    10 |    23 |    58 ||    91

Table legend: (Time is in decaauts)
 A = Elapsed time spent in this place.
 B = Non-inter-level travel time spent in this place.
 C = Inter-level travel time spent in this place.
 D = Time resting spent in this place.
 E = Time spent auto-exploring this place.
 F = Levels seen in this place.
 G = Mean time per level.
                   A        B        C        D        E       F      G
               +--------+--------+--------+--------+--------+-----+--------+
         Total |  18107 |  17180 |    927 |   7824 |   7166 |  11 | 1646.1 |
       Dungeon |  18107 |  17180 |    927 |   7824 |   7166 |  11 | 1646.1 |
               +--------+--------+--------+--------+--------+-----+--------+

Top non-repeatable levels by time:
     D:3: 2605 daAuts
     D:7: 2536 daAuts
     D:6: 2109 daAuts
     D:5: 2054 daAuts
     D:9: 1935 daAuts
     D:2: 1767 daAuts
     D:4: 1555 daAuts
     D:8: 1168 daAuts
     D:1: 1154 daAuts
    D:10: 1072 daAuts
    D:11: 148 daAuts
